 Dungeon Crawl Stone Soup version 0.28-a0-1493-g08698888e4 (webtiles) character file.

Game seed: 490380315719072029

19983 Hasart the Spear-Bearer (level 12, -10/92 (101) HPs)
             Began as a Demigod Fighter on Jan 12, 2022.
             Shot with a bolt by an orc knight (21 damage)
             ... on level 2 of the Orcish Mines.
             The game lasted 00:25:59 (12512 turns).

Hasart the Spear-Bearer (Demigod Fighter)          Turns: 12512, Time: 00:26:00

HP:   -10/92 (101)  AC: 14    Str: 25    XL:     12   Next: 13%
MP:   24/24         EV: 14    Int: 10    God:
Gold: 737           SH:  7    Dex: 21    Spells: 11/11 levels left

rFire   . . .      SeeInvis +   f - +4 demon trident (drain)
rCold   . . .      Faith    .   c - +0 buckler
rNeg    . . .      Spirit   .   N - +0 troll leather armour
rPois   .          Reflect  .   Q - +1 helmet "Piojisu" {rElec MP+9}
rElec   +          Harm     .   B - +0 cloak
rCorr   .          Rampage  .   s - +0 pair of gloves
Will    +....                   (no boots)
Stlth   ++........              P - amulet of regeneration
HPRegen 1.85/turn               G - ring of see invisible
MPRegen 0.19/turn               R - +4 ring of protection

@: drained
A: high mp 1, forlorn, divine attributes
a: no special abilities


You were on level 2 of the Orcish Mines.
You visited 3 branches of the dungeon, and saw 13 of its levels.
You also visited: Ossuary.

You collected 1157 gold pieces.
You spent 420 gold pieces at shops.

Inventory:

Hand Weapons
 f - a +4 demon trident of draining (weapon)
Missiles
 z - 4 boomerangs (quivered)
 O - 2 throwing nets
 T - 5 javelins
Armour
 c - a +0 buckler (worn)
 m - an orb of light
 r - a +1 ring mail of fire resistance
 s - a +0 pair of gloves (worn)
 B - a +0 cloak (worn)
 N - a +0 troll leather armour (worn)
 Q - the +1 helmet "Piojisu" (worn) {rElec MP+9}
   (You found it on level 10 of the Dungeon)

   rElec:     It insulates you from electricity.
   MP:        It affects your magic capacity (+9).
Jewellery
 G - a ring of see invisible (left hand)
 H - a ring of wizardry
 J - a ring of fire
 K - an amulet of guardian spirit
 P - an amulet of regeneration (around neck)
 R - a +4 ring of protection (right hand)
Wands
 v - a wand of iceblast (8)
 A - a wand of charming (1)
 C - a wand of acid (14)
 E - a wand of digging (2)
 M - a wand of polymorph (5)
 S - a wand of flame (13)
Scrolls
 e - 4 scrolls of fear
 g - 10 scrolls of identify
 h - a scroll of fog
 k - 2 scrolls of silence
 l - 5 scrolls of magic mapping
 n - 6 scrolls of teleportation
 p - a scroll of enchant weapon
 w - 4 scrolls of blinking
 y - 3 scrolls of summoning
 F - a scroll of holy word
Potions
 a - 3 potions of heal wounds
 b - 3 potions of brilliance {unknown}
 d - 2 potions of might
 i - a potion of cancellation {unknown}
 j - 3 potions of flight
 o - 3 potions of berserk rage
 q - 15 potions of degeneration
 t - 5 potions of lignification {unknown}
 u - 4 potions of magic {unknown}
 x - 5 potions of curing {unknown}
 D - 2 potions of haste {unknown}
 I - a potion of ambrosia {unknown}
 L - 2 potions of mutation {unknown}


   Skills:
 + Level 8.1 Fighting
 - Level 2.3(7.2) Axes
 * Level 10.7(10.8) Polearms
 + Level 5.0 Throwing
 + Level 8.1 Armour
 + Level 4.9 Dodging
 + Level 8.2 Shields
 + Level 4.5 Evocations


You had 11 spell levels left.
You didn't know any spells.
Your spell library contained the following spells:

 Spells                   Type           Power      Damage    Failure   Level
 Magic Dart               Conj           0%         1d3       45%         1
 Sandblast                Erth           0%         2d4       45%         1
 Summon Small Mammal      Summ           0%         N/A       45%         1
 Call Imp                 Summ           0%         N/A       61%         2
 Passwall                 Tmut/Erth      0%         N/A       61%         2
 Call Canine Familiar     Summ           0%         N/A       83%         3
 Mephitic Cloud           Conj/Pois/Air  0%         N/A       83%         3
 Stone Arrow              Conj/Erth      0%         3d7       83%         3
 Summon Guardian Golem    Hex/Summ       0%         N/A       83%         3
 Hailstorm                Conj/Ice       0%         3d3       99%         4
 Ice Form                 Ice/Tmut       0%         N/A       99%         4
 Olgreb's Toxic Radiance  Pois           0%         N/A       99%         4
 Simulacrum               Ice/Necr       0%         N/A       100%        6
 Ozocubu's Refrigeration  Ice            0%         4d5       100%        7
 Ignition                 Fire           0%         3d3       100%        8


Dungeon Overview and Level Annotations

Branches:
Dungeon (10/15)            Temple (1/1) D:7            Lair (0/6) D:10
    Orc (2/2) D:9         Ossuary (visited)
    Elf: Orc:2

Shops:
D:10 *   Orc:2 *


Innate Abilities, Weirdness & Mutations

You have an increased reservoir of magic. (+10% MP)
You shall have no god before yourself.
Your divine heritage dramatically boosts your attributes as you level up.


Message History

There is a stone staircase leading up, spattered with blood here.
Things that are here:
a +0 robe; a +0 dagger; an orc skeleton
Items here: )) [[ ÷ †.
Things that are here:
a +0 robe; a +0 dagger The orc knight shoots a bolt.
The bolt hits you!
An orc knight is nearby!
The orc knight shoots a bolt.
The bolt misses you.
The orc knight roars a battlecry!
The orc warrior goes into a battle-frenzy!
The orc knight shoots a bolt.
The bolt barely misses you.
You reach to attack!
You closely miss the orc warrior. You block the orc warrior's attack.
You reach to attack!
You puncture the orc warrior!
The orc warrior is moderately wounded.
The orc knight shoots a bolt.
The bolt hits you!!
The orc warrior hits you from afar with a +0 halberd!!
You are too injured to fight recklessly!
The orc knight shoots a bolt.
The bolt hits you. You block the orc warrior's attack.
The orc knight shoots a bolt.
The bolt hits you!!
* * * LOW HITPOINT WARNING * * *
The orc warrior misses you.
The orc knight seems less drained.
The orc knight unwields a +0 arbalest.
The orc knight wields a +0 long sword.
The orc knight hits you with a +0 long sword!
* * * LOW HITPOINT WARNING * * *
You barely miss the orc knight.
The orc knight is lightly wounded.
The orc knight hits you with a +0 long sword!
* * * LOW HITPOINT WARNING * * *
The orc warrior misses you.
Unknown command.
The orc knight barely misses you.
Unknown command.
The orc knight unwields a +0 long sword.
The orc knight wields a +0 arbalest.
The orc knight shoots a bolt.
The bolt hits you!!
You die...

########### ### #####
.......##..###.###..#.##
........................
........#...............
..........................
..........................
.[<[......................
.)[........÷....@........
..[[[..................# .
.<..[[.........oo##....##..
......[...##.............∩$
..........##..............#
..........#...........##..
......................##.
.............#............
....#.#....................


You could see an orc knight and an orc warrior (strong).

Vanquished Creatures
  An orc warlord (Orc:1)
  Josephine (D:10)
  Harold (D:10)
  A hydra (D:10)
  A two-headed ogre (D:10)
  Urug (D:10)
  An orc high priest (Orc:2)
  3 orc knights
  Pikel (D:5)
  An ugly thing (D:6)
  2 orc sorcerers (Orc:2)
  Joseph (D:9)
  Prince Ribbit (D:9)
  3 trolls (D:9)
  A meliai zombie (D:7)
  4 wyverns
  5 wraiths (D:10)
  Sigmund (D:3)
  6 humans (D:8)
  8 yaks
  2 basilisks (D:10)
  2 steam dragons
  4 wargs
  Edmund (D:4)
  6 water moccasins
  An acid dragon (D:10)
  A black bear (D:6)
  2 ice beasts (D:6)
  3 necrophages
  13 orc warriors
  2 sky beasts
  4 ogres
  7 centaurs
  3 kobold brigands
  8 scorpions
  A gnoll sergeant (D:5)
  A water moccasin skeleton (D:5)
  9 wights
  5 howler monkeys
  8 centaur zombies
  4 hounds
  2 human zombies (Ossuary)
  9 orc priests
  A gnoll shaman (D:7)
  An iguana (D:5)
  6 scorpion zombies (Ossuary)
  10 orc wizards
  A killer bee zombie (D:6)
  3 mummies (Ossuary)
  A hound skeleton (D:5)
  3 howler monkey zombies
  Robin (D:3)
  5 adders
  13 gnolls
  A howler monkey skeleton (D:7)
  2 worms (D:2)
  34 orcs
  5 endoplasms
  A giant cockroach (D:1)
  5 goblins
  10 hobgoblins
  4 jackals (D:3)
  19 kobolds
  2 quokkas
  3 ball pythons
  6 bats
  A frilled lizard (D:1)
  A gnoll zombie (Ossuary)
  A goblin zombie (Ossuary)
  A hobgoblin zombie (Ossuary)
  3 kobold zombies (Ossuary)
  An orc zombie (Ossuary)
  4 rats
291 creatures vanquished.

Vanquished Creatures (others)
  A swamp drake (D:9)
  An orc warrior (D:7)
  A gnoll sergeant (D:7)
  An orc wizard (D:7)
  3 gnolls (D:7)
  2 orcs
  A fungus (D:10)
  2 plants
12 creatures vanquished.

Grand Total: 303 creatures vanquished

Notes
Turn   | Place    | Note
-------+----------+-------------------------------------------
     0 | D:1      | Hasart the Demigod Fighter began the quest for the Orb.
     0 | D:1      | Reached XP level 1. HP: 18/18 MP: 3/3
    36 | D:1      | You fall into a shaft and drop 1 floor!
    49 | D:2      | Reached XP level 2. HP: 11/25 MP: 4/4
   646 | D:2      | Reached XP level 3. HP: 29/31 MP: 5/5
  1669 | D:1      | Reached skill level 1 in Polearms
  1782 | D:3      | Reached XP level 4. HP: 15/38 MP: 6/6
  1782 | D:3      | Noticed Robin
  1980 | D:3      | Killed Robin
  2412 | D:3      | Noticed Sigmund
  2420 | D:3      | Killed Sigmund
  2421 | D:3      | Reached skill level 2 in Polearms
  2421 | D:3      | Reached XP level 5. HP: 42/45 MP: 7/7
  2639 | D:4      | Noticed Edmund
  2651 | D:4      | Killed Edmund
  2652 | D:4      | Reached skill level 3 in Polearms
  2652 | D:4      | Reached XP level 6. HP: 14/50 MP: 8/8
  2715 | D:4      | Found a sand-covered staircase.
  2876 | Ossuary  | Entered an ossuary
  2986 | Ossuary  | Reached skill level 4 in Polearms
  2986 | Ossuary  | Reached XP level 7. HP: 45/59 MP: 9/9
  3358 | Ossuary  | Reached skill level 5 in Polearms
  3611 | Ossuary  | Reached XP level 8. HP: 53/67 MP: 10/10
  4077 | D:4      | Reached skill level 5 in Fighting
  4077 | D:4      | Reached skill level 5 in Armour
  4077 | D:4      | Reached skill level 5 in Shields
  4342 | D:5      | Entered Level 5 of the Dungeon
  4346 | D:5      | Identified the +1 leather armour "Quyxkext" {Dex+3}
  4372 | D:5      | Reached skill level 6 in Polearms
  5444 | D:6      | Noticed Pikel
  5466 | D:5      | Killed Pikel
  5467 | D:5      | Reached skill level 7 in Polearms
  5467 | D:5      | Reached XP level 9. HP: 67/75 MP: 11/11
  5600 | D:6      | Noticed a green ugly thing
  5611 | D:6      | Killed a green ugly thing
  6074 | D:7      | Found a staircase to the Ecumenical Temple.
  6097 | D:7      | Reached skill level 1 in Throwing
  6283 | D:7      | Reached skill level 8 in Polearms
  6311 | Temple   | Entered the Ecumenical Temple
  6560 | D:7      | Reached skill level 1 in Dodging
  8087 | D:8      | Reached XP level 10. HP: 67/84 MP: 13/13
  8664 | D:8      | Reached skill level 1 in Evocations
  9200 | D:9      | Reached skill level 9 in Polearms
  9393 | D:9      | Found a staircase to the Orcish Mines.
  9412 | D:9      | Noticed Prince Ribbit
  9428 | D:9      | Killed Prince Ribbit
  9771 | D:9      | Noticed Joseph
  9783 | D:9      | Killed Joseph
  9876 | D:10     | Entered Level 10 of the Dungeon
  9944 | D:10     | Noticed Harold
  9965 | D:9      | Reached XP level 11. HP: 68/92 MP: 7/14
 10016 | D:10     | Found a staircase to the Lair.
 10229 | D:10     | Killed Harold
 10339 | D:10     | Found Sudem's Neck Hole.
 10340 | D:10     | Noticed an eight-headed hydra
 10350 | D:10     | Killed an eight-headed hydra
 10411 | D:10     | Bought an amulet of regeneration for 420 gold pieces
 10425 | D:10     | Identified the +1 helmet "Piojisu" {rElec MP+9}
 10505 | D:10     | Noticed a two-headed ogre
 10512 | D:10     | Killed a two-headed ogre
 10740 | D:10     | Noticed Josephine
 10794 | D:10     | Killed Josephine
 10833 | D:10     | Reached skill level 10 in Polearms
 10924 | D:10     | Noticed Urug
 10936 | D:10     | Killed Urug
 11251 | Orc:1    | Entered Level 1 of the Orcish Mines
 11251 | Orc:1    | Noticed an orc knight
 11280 | D:9      | Killed an orc knight
 11836 | Orc:1    | Noticed an orc knight
 11863 | Orc:1    | Killed an orc knight
 11958 | Orc:2    | Entered Level 2 of the Orcish Mines
 11997 | Orc:2    | Noticed an orc knight
 12043 | Orc:1    | Killed an orc knight
 12167 | Orc:2    | Paralysed by an orc sorcerer for 2 turns
 12201 | Orc:2    | Noticed an orc warlord
 12318 | Orc:1    | Killed an orc warlord
 12319 | Orc:1    | Reached XP level 12. HP: 53/80 MP: 15/15
 12380 | Orc:2    | Found Capotei's Assorted Antiques.
 12391 | Orc:2    | Reached skill level 5 in Throwing
 12512 | Orc:2    | Shot with a bolt by an orc knight

Illustrated notes

Levels and vault maps discovered:
D:1:      nzn_arrival_crosshair, layout_basic, shapermc_ecumenical_altar_gd,
          minivault_27
D:2:      layout_loops_ring, serial_bayou, serial_bayou_lake_a,
          serial_bayou_pond_b, serial_bayou_pond_a, serial_bayou_shore_b
D:3:      layout_loops_ring, lemuel_doored_altar, uniq_sigmund, uniq_robin
D:4:      layout_loops_ring, nicolae_ossuary_entry_plus, uniq_edmund
D:5:      layout_basic, kennysheep_mini_moat
D:6:      layout_rooms, amcnicky_altar_gilded, cheibrodos_ashenzari_chains,
          fedhas_altar_fruit_tree, nicolae_elyvilon_peaceful_grove,
          minmay_microvault, uniq_pikel
D:7:      layout_basic, minmay_temple_entry_mini_moons, lemuel_flamethrower_2
D:8:      layout_basic, minmay_ruffians
D:9:      layout_rooms, erik_orc_1, uniq_joseph, uniq_prince_ribbit1
D:10:     layout_irregular_city, vehumet_altar_wand_db, minmay_lair_entry_grove,
          minivault_4, chequers_mini_garden, minmay_door_square,
          nicolae_shop_sticking_my_neck_out, uniq_urug, uniq_josephine,
          uniq_harold
Temple:   regret_index_temple_waves
Orc:1:    layout_diamond_mine, basic_altar
Orc:2:    grunt_orc_cross, layout_caves, serial_shops, nicolae_square_shop,
          nicolae_lakefront_shop, shop, gammafunk_ghost_wrathful_warriors

Skill      XL: |  1  2  3  4  5  6  7  8  9 10 11 12 |
---------------+-------------------------------------+-----
Axes           | 2 |  2.3
Shields        | 3 4 5 6 7 8 |  8.2
Fighting       | 3 4 5 6 7 8 |  8.1
Armour         | 3 4 5 6 7 8 |  8.1
Polearms       | 1 2 3 4 5 7 8 9 10 | 10.7
Throwing       | 1 3 4 5 |  5.0
Dodging        | 1 3 4 |  4.9
Evocations     | 2 4 |  4.5

Action                   |  1- 3 |  4- 6 |  7- 9 | 10-12 || total
-------------------------+-------+-------+-------+-------++-------
Melee: War axe           |    25 |       |       |       ||    25
       Demon trident     |    95 |    85 |   367 |   618 ||  1165
Throw: Boomerang         |       |       |       |    13 ||    13
  Use: Scroll            |       |       |    14 |     3 ||    17
 Stab: Confused          |       |       |       |     1 ||     1
Armor: Scale mail        |    38 |    19 |       |       ||    57
       Ring mail         |       |    17 |   150 |    27 ||   194
       Troll leather arm |       |       |       |   112 ||   112
Dodge: Dodged            |    60 |    27 |   165 |   242 ||   494
Block: Buckler           |    14 |    18 |    94 |   130 ||   256

Table legend: (Time is in decaauts)
 A = Elapsed time spent in this place.
 B = Non-inter-level travel time spent in this place.
 C = Inter-level travel time spent in this place.
 D = Time resting spent in this place.
 E = Time spent auto-exploring this place.
 F = Levels seen in this place.
 G = Mean time per level.
                   A        B        C        D        E       F      G
               +--------+--------+--------+--------+--------+-----+--------+
         Total |  12529 |  12203 |    326 |   1511 |   8085 |  14 |  894.9 |
       Dungeon |  10258 |   9957 |    301 |   1086 |   6962 |  10 | 1025.8 |
        Temple |    243 |    243 |      0 |    242 |      0 |   1 |  243.0 |
  Orcish Mines |   1075 |   1051 |     24 |     39 |    583 |   2 |  537.5 |
       Ossuary |    951 |    951 |      0 |    144 |    540 |   1 |  951.0 |
               +--------+--------+--------+--------+--------+-----+--------+

Top non-repeatable levels by time:
     D:7: 1713 daAuts
     D:2: 1270 daAuts
     D:9: 1237 daAuts
     D:8: 1095 daAuts
     D:5: 1095 daAuts
    D:10: 1018 daAuts
 Ossuary: 951 daAuts
     D:4: 821 daAuts
   Orc:1: 787 daAuts
     D:3: 729 daAuts
     D:1: 659 daAuts
     D:6: 618 daAuts
   Orc:2: 288 daAuts
  Temple: 243 daAuts
